 Dungeon Crawl Stone Soup version 0.29.0-13-gc9e81de378 (webtiles) character file.

Game seed: 8043733008740520164

54 bande the Trooper (level 3, -8/33 HPs)
             Began as a Hill Orc Fighter on Sept 10, 2022.
             Mangled by Sigmund
             ... wielding a +0 scythe
              (10 damage)
             ... on level 2 of the Dungeon.
             The game lasted 00:03:20 (1657 turns).

bande the Trooper (Hill Orc Fighter)                Turns: 1657, Time: 00:03:20

Health: -8/33      AC:  8    Str: 18    XL:     3   Next: 91%
Magic:  3/3        EV:  9    Int:  8    God:
Gold:   79         SH:  4    Dex: 12    Spells: 2/2 levels left

rFire   . . .      SeeInvis .   a - +0 war axe
rCold   . . .      Faith    .   c - +0 buckler
rNeg    . . .      Spirit   .   b - +0 scale mail
rPois   .          Reflect  .   (no helmet)
rElec   .          Harm     .   (no cloak)
rCorr   .          Rampage  .   h - +0 pair of gloves
Will    .....                   (no boots)
Stlth   ..........              (no amulet)
HPRegen 0.11/turn               (no ring)
MPRegen 0.08/turn               (no ring)

@: no status effects
A: no striking features
a: no special abilities


You were on level 2 of the Dungeon.
You visited 1 branch of the dungeon, and saw 2 of its levels.

You collected 79 gold pieces.

Inventory:

Hand Weapons
 a - a +0 war axe (weapon)
Armour
 b - a +0 scale mail (worn)
 c - a +0 buckler (worn)
 h - a +0 pair of gloves (worn)
Potions
 d - a potion of might
 i - 2 potions of berserk rage
 j - a potion of brilliance


   Skills:
 + Level 4.3 Fighting
 + Level 3.6 Axes
 + Level 3.7 Armour
 + Level 3.8 Shields


You had 2 spell levels left.
You didn't know any spells.
Your spell library contained the following spells:

 Spells                   Type           Power      Damage    Failure   Level
 Foxfire                  Conj/Fire      0%         2x1d4     87%         1
 Summon Small Mammal      Summ           0%         N/A       87%         1
 Call Canine Familiar     Summ           0%         N/A       99%         3
 Conjure Flame            Conj/Fire      0%         6-21      99%         3
 Inner Flame              Hex/Fire       0%         N/A       99%         3
 Summon Guardian Golem    Hex/Summ       0%         N/A       99%         3
 Flame Wave               Conj/Fire      0%         2d4       100%        4


Dungeon Overview and Level Annotations

Branches:
Dungeon (2/15)

Altars:

Annotations:
D:2 Sigmund


Message History

The frilled lizard bites you but does no damage.
You slash the frilled lizard!
You kill the frilled lizard!
No target in view!
There is a stone staircase leading down here.
You see here a frilled lizard corpse.
There is a stone staircase leading down here.
You see here a frilled lizard corpse.
Sigmund the Dreaded comes into view.
He is wielding a +0 scythe.
Sigmund shouts!
Sigmund casts a spell.
Sigmund flickers and vanishes!
Deactivating autopickup; reactivate with Ctrl-A.
No target in view!
Something hits you.
You closely miss something. Something hits you but does no damage.
You closely miss something. Something hits you but does no damage.
You miss something. Something hits you!
You slash something! Something hits you but does no damage.
You hit something but do no damage. Something hits you!
You miss something. Something hits you.
You miss something. Something hits you.
You barely miss something.
A bat comes into view.
Something hits you.
* * * LOW HITPOINT WARNING * * *
The bat moves out of view.
You slash something! Something hits you.
* * * LOW HITPOINT WARNING * * *
You miss something. You miss something. You block the bat's attack.
Something hits you but does no damage.
You closely miss something. You block something's attack.
The bat hits you but does no damage.
You closely miss something. You closely miss the bat.
The bat hits you but does no damage. Something hits you but does no damage.
You barely miss something. You hit the bat. The bat barely misses you.
Something hits you but does no damage.
You closely miss something.
The bat barely misses you. x2; Something hits you!
You die...

# #.............#
#. #.######...##.##
#. #.######........
#..#.#.........#.##
#..#.#.####......#
#.........>....#.#
#.##.#.#..#....#[#
##.##.#.#..#.#..#.#
#.{@b.#.#..#....#.#
#######.#..#.#.####
#......#.#.#
#####..#.#.#####
##.#.#.##...
#.###.##.## #.#
#.##.# #.# #.##.#
#.###.##.##


You could see a bat.

Vanquished Creatures
  An adder (D:2)
  3 dart slugs
  3 ball pythons
  5 endoplasms
  3 giant cockroaches (D:1)
  2 hobgoblins
  4 kobolds (D:2)
  A quokka (D:2)
  4 bats
  3 frilled lizards
  4 goblins (D:1)
  5 rats
38 creatures vanquished.

Notes
Turn   | Place    | Note
-------+----------+-------------------------------------------
     0 | D:1      | bande the Hill Orc Fighter began the quest for the Orb.
     0 | D:1      | Reached XP level 1. HP: 19/19 MP: 1/1
   163 | D:1      | Reached XP level 2. HP: 26/27 MP: 2/2
   341 | D:1      | Reached skill level 4 in Fighting
   508 | D:1      | Reached XP level 3. HP: 28/33 MP: 3/3
  1195 | D:2      | Found a faded altar of an unknown god.
  1639 | D:2      | Noticed Sigmund
  1651 | D:2      | HP: 1/33 [something (4)]
  1657 | D:2      | Mangled by Sigmund

Illustrated notes

Levels and vault maps discovered:
D:1:      eino_arrival_druids_welcome, layout_basic, palyth_stone_intersect,
          eino_curves_03, chequers_serial_rivers_small_a
D:2:      layout_basic, basic_altar,
          dreamdust_ecumenical_altar_angels_and_demons, minmay_between,
          uniq_sigmund

Skill      XL: |  1  2  3 |
---------------+----------+-----
Fighting       | 4 |  4.3
Axes           | 3 |  3.6
Armour         | |  3.7
Shields        | |  3.8

Action                   || total
-------------------------++-------
Melee: War axe           ||   113
  Use: Scroll            ||     5
Armor: Scale mail        ||    58
Dodge: Dodged            ||    50
Block: Buckler           ||    21
